 Dungeon Sprint DCSS version 0.18.1-8-gdd0e5ea (webtiles) character file.

268 Hipnos the Covert (level 6, -15/29 HPs)
             Began as a Spriggan Enchanter on May 21, 2016.
             Was an Initiate of Dithmenos.
             Demolished by a slime creature (21 damage)
             ... in the Dungeon (Sprint I: "Red Sonja").
             The game lasted 00:01:29 (126 turns).

Hipnos the Covert (Spriggan Enchanter)               Turns: 126, Time: 00:01:29

Health: -15/29     AC:  3    Str:  4    XL:     6   Next: 1%
Magic:  2/14       EV: 21    Int: 17    God:    Dithmenos [......]
Gold:   162        SH:  0    Dex: 18    Spells: 3 memorised, 8 levels left

rFire  . . .     SeeInvis +     a - +1 dagger
rCold  . . .     Gourm    .     b - +1 robe
rNeg   . . .     Faith    .     (shield restricted)
rPois  .         Spirit   .     (helmet restricted)
rElec  .         Dismiss  .     (no cloak)
rCorr  .         Reflect  .     (gloves unavailable)
SustAt .         Harm     .     (boots unavailable)
MR     +....     NoTele   +     (no amulet)
Stlth  ++++++....               (no ring)
                                (no ring)

@: very quick, somewhat resistant to hostile enchantments, very stealthy
A: unfitting armour, see invisible, herbivore 3, speed 3, slow metabolism 2
a: Renounce Religion


You were in the Dungeon.
You worshipped Dithmenos.
Dithmenos was noncommittal.
You were not hungry.

You visited 1 branch You collected 162 gold pieces.

Inventory:

Hand Weapons
 a - a +1 dagger (weapon)
Armour
 b - a +1 robe (worn)
Scrolls
 j - a scroll of blinking
Potions
 e - a potion of curing
 f - a potion of heal wounds
 g - a potion of haste
 h - 2 potions of magic
Books
 c - a book of Maledictions

   Spells                             Type                      Level
   a - Corona                         Hexes                        1
   b - Ensorcelled Hibernation        Hexes/Ice                    2
   c - Confuse                        Hexes                        3
   d - Tukima's Dance                 Hexes                        3
   e - Dazzling Spray                 Conjuration/Hexes            3
Comestibles
 d - a bread ration


   Skills:
 + Level 0.5 Fighting
 + Level 2.1 Short Blades
 + Level 5.7 Dodging
 * Level 12.2 Stealth
 + Level 4.8 Spellcasting
 * Level 10.5 Hexes


You had 8 spell levels left.
You knew the following spells:

 Your Spells              Type           Power        Failure   Level  Hunger
a - Corona                Hex            #####..      1%          1    None
b - Ensorcelled Hibernat  Hex/Ice        ###...       2%          2    #......
c - Confuse               Hex            #####...     1%          3    ###....


Dungeon Overview and Level Annotations

Branches:
Dungeon (1/1)

Altars:
Cheibriados
Dithmenos
Fedhas
Sif Muna
Vehumet
Jiyva


Innate Abilities, Weirdness & Mutations

You are tiny and cannot use many weapons and most armour.
You have supernaturally acute eyesight.
You are a herbivore.
You cover ground extremely quickly.
You need consume almost no food.


Message History

Aiming: Ensorcelled Hibernation
Press: ? - help, Shift-Dir - straight line, f - slime creature, p - jelly
Aim: a slime creature (severely wounded, chance to defeat MR: 33%)
The slime creature easily resists.
Things that are here:
a giant club; an ogre corpse
Casting: Ensorcelled Hibernation
Confirm with . or Enter, or press ? or * to list all spells.
Aiming: Ensorcelled Hibernation
Press: ? - help, Shift-Dir - straight line, f/p - slime creature
Aim: a slime creature (severely wounded, chance to defeat MR: 33%)
The slime creature easily resists.
Casting: Ensorcelled Hibernation
Confirm with . or Enter, or press ? or * to list all spells.
Aiming: Ensorcelled Hibernation
Press: ? - help, Shift-Dir - straight line, f/p - slime creature
Aim: a slime creature (severely wounded, chance to defeat MR: 33%)
The slime creature easily resists.
The slime creature hits you!!
Ouch! That really hurt!
You die...

###################
#<.#..'@J#.).J.#__#
#..'[.#.)'..#..'^.+
#..#####'#####'#__#
#..# #..# #$####
#..# #### ##$# #..#
#+#..+ #⌠⌠# +..._#
#### #_.#+# ##+


You could see a slime creature.

Vanquished Creatures
  Sigmund (D)
  An ogre (D)
  Ijyb (D)
3 creatures vanquished.

Notes
Turn   | Place    | Note
--------------------------------------------------------------
     0 | D        | Hipnos the Spriggan Enchanter began the quest for the Orb.
     0 | D        | Reached XP level 1. HP: 9/9 MP: 5/5
     1 | D        | Noticed Ijyb
    14 | D        | Killed Ijyb
    14 | D        | Reached skill level 7 in Stealth
    14 | D        | Reached skill level 5 in Hexes
    14 | D        | Reached XP level 2. HP: 13/13 MP: 7/7
    60 | D        | Learned a level 2 spell: Ensorcelled Hibernation
    61 | D        | Noticed an ogre
    64 | D        | Killed an ogre
    64 | D        | Reached skill level 9 in Stealth
    64 | D        | Reached XP level 3. HP: 16/16 MP: 9/9
    64 | D        | Reached XP level 4. HP: 21/21 MP: 10/10
    74 | D        | Noticed Sigmund
    77 | D        | Killed Sigmund
    77 | D        | Reached skill level 5 in Dodging
    77 | D        | Reached skill level 12 in Stealth
    77 | D        | Reached skill level 10 in Hexes
    77 | D        | Reached XP level 5. HP: 25/25 MP: 11/13
    77 | D        | Reached XP level 6. HP: 29/29 MP: 11/14
    93 | D        | Learned a level 3 spell: Confuse
    93 | D        | Found a deep blue altar of Sif Muna.
    95 | D        | Found a radiant altar of Vehumet.
   104 | D        | Found a snail-covered altar of Cheibriados.
   104 | D        | Found a viscous altar of Jiyva.
   104 | D        | Found a shadowy altar of Dithmenos.
   104 | D        | Found a blossoming altar of Fedhas.
   104 | D        | Noticed a slime creature
   108 | D        | Became a worshipper of Dithmenos the Shadowed
   126 | D        | Demolished by a slime creature

Skill      XL: |  1  2  3  4 |
---------------+-------------+-----
Stealth        | 7 9 12 | 12.2
Spellcasting   | 3 4 |  4.8
Hexes          | 5 8 10 | 10.5
Dodging        | 4 5 |  5.7
Short Blades   | 2 |  2.1
Fighting       | |  0.5

Action                   |  1- 3 |  4- 6 || total
-------------------------+-------+-------++-------
Melee: Dagger            |    12 |     2 ||    14
 Cast: Ensorcelled Hiber |       |     5 ||     5
       Confuse           |       |     1 ||     1
  Use: Potion            |     1 |       ||     1
 Stab: Sleeping          |     1 |     2 ||     3
Armor: Robe              |     2 |     1 ||     3
Dodge: Dodged            |     5 |     2 ||     7
